 Dungeon Crawl Stone Soup version 0.30-a0-1093-gcfb1e0cf12 (webtiles) character file.

Game seed: 10360135729520776086

13 KristoblXynda the Sneak (level 2, 0/22 HPs)
             Began as a Vampire Brigand on Apr 17, 2023.
             Succumbed to an adder's poison
             ... on level 2 of the Dungeon.
             The game lasted 00:00:50 (267 turns).

KristoblXynda the Sneak (Vampire Brigand)            Turns: 267, Time: 00:00:51

Health: 0/22       AC:  3    Str: 10    XL:     2   Next: 24%
Magic:  2/2        EV: 12    Int: 13    God:
Gold:   33         SH:  0    Dex: 15    Spells: 1/1 levels left

rFire   . . .      SeeInvis +    a - +2 dagger
rCold   . . .      Faith    .    (no shield)
rNeg    . . .      Spirit   .    b - +0 robe
rPois   .          Reflect  .    (no helmet)
rElec   .          Rampage  .    c - +0 cloak
rCorr   .                        (no gloves)
Will    .....                    (no boots)
Stlth   +++                      (no amulet)
HPRegen 0.43/turn                (no ring)
MPRegen 0.08/turn                (no ring)

@: lethally poisoned (0 -> -2), healing quickly
A: alive, fangs 3, see invisible, vampiric 1
a: Exsanguinate


You were on level 2 of the Dungeon.
You visited 1 branch of the dungeon, and saw 2 of its levels.

You collected 33 gold pieces.

Inventory:

Hand Weapons
 a - a +2 dagger (weapon)
Missiles
 d - 10 poisoned darts (quivered)
 e - 3 curare-tipped darts
Armour
 b - a +0 robe (worn)
 c - a +0 cloak (worn)
Scrolls
 f - a scroll of identify {unknown}


   Skills:
 + Level 2.0 Fighting
 + Level 2.5 Short Blades
 - Level 1.5 Throwing
 + Level 1.5 Dodging
 + Level 6.1 Stealth


You had one spell level left.
You didn't know any spells.
Your spell library was empty.

Dungeon Overview and Level Annotations

Branches:
Dungeon (1/15)

Altars:


Innate Abilities, Weirdness & Mutations

Your natural rate of healing is accelerated.
You have razor-sharp teeth.
You have supernaturally acute eyesight. (SInv)
You are afflicted with vampirism.


Message History

You are too injured to fight recklessly!
You are too injured to fight recklessly!
You are too injured to fight recklessly!
You are too injured to fight recklessly!
You are too injured to fight recklessly!
You are too injured to fight recklessly!
You are too injured to fight recklessly!
You are too injured to fight recklessly!
You are too injured to fight recklessly!
You are too injured to fight recklessly!
You are too injured to fight recklessly!
You are too injured to fight recklessly!
You are too injured to fight recklessly!
You are too injured to fight recklessly!
Unknown command.
The kobold attacks as you move away! The kobold closely misses you.
The hobgoblin attacks as you move away! The hobgoblin hits you.
The adder barely misses you. The adder attacks as you move away!
The adder barely misses you. The kobold closely misses you.
The hobgoblin attacks as you move away! The hobgoblin hits you.
* * * LOW HITPOINT WARNING * * *
The kobold attacks as you move away! The kobold hits you but does no damage.
The adder bites you.
* * * LOW HITPOINT WARNING * * *
You are lethally poisoned!
The adder poisons you!
You aren't carrying any potions.
Unknown command.
* * * LOW HITPOINT WARNING * * *
You feel sick.
Throw: 11 darts (poison)
Press: ? - help, Q - select action, (/) - cycle Shift-Dir - straight line, f - kobold
Aim: a kobold, wielding a +0 dagger (51% to hit)
You throw a poisoned dart. The poisoned dart hits the kobold.
The kobold is poisoned.
* * * LOW HITPOINT WARNING * * *
You feel sick. The kobold hits you with a +0 dagger.
* * * LOW HITPOINT WARNING * * *
You die...

# ###...###......(.>
#.#G#...#G#.........
#.###...###.........
######............#......
..........._.............
#...........gS...#####
####.#.###...###K##.####
...#.#.#G#...#G#........
##.....###...###@#......
...†##..........!..#####
#..#.........#######
#........#.###
...........#
...#......############
.....<................
####.....#############
#.....#


You could see a great orb of eyes, an adder, a hobgoblin and a kobold
(poisoned).

Vanquished Creatures
  A ball python (D:1)
  A bat (D:2)
  An endoplasm (D:1)
  2 goblins (D:1)
  A hobgoblin (D:2)
  A quokka (D:1)
  3 frilled lizards
  2 rats (D:2)
12 creatures vanquished.

Notes
Turn   | Place    | Note
-------+----------+-------------------------------------------
     0 | D:1      | KristoblXynda the Vampire Brigand began the quest for the
                  | Orb.
     0 | D:1      | Reached XP level 1. HP: 16/16 MP: 1/1
    71 | D:1      | Reached skill level 6 in Stealth
   194 | D:1      | You fall into a shaft and drop 1 floor!
   202 | D:2      | Found a faded altar of an unknown god.
   202 | D:2      | Noticed an eye of devastation
   204 | D:2      | Reached XP level 2. HP: 20/22 MP: 2/2
   213 | D:2      | Noticed a golden eye
   232 | D:2      | Noticed a great orb of eyes
   232 | D:2      | Noticed a floating eye
   266 | D:2      | HP: 1/22 [kobold/+0 dagger (1)]
   267 | D:2      | Succumbed to an adder's poison

Illustrated notes

Levels and vault maps discovered:
D:1:      dpeg_arrival_pond, layout_rooms, st_stairs_10
D:2:      layout_rooms, hellmonk_ecumenical_altar_watching_god

Skill      XL: |  1 |
---------------+----+-----
Stealth        | 6 |  6.1
Fighting       | 2 |  2.0
Short Blades   | |  2.5
Throwing       | |  1.5
Dodging        | |  1.5

Action                     || total
---------------------------++-------
  Melee: Dagger            ||    34
         Bite              ||     3
  Throw: Dart              ||     7
   Stab: Sleeping          ||     1
 Armour: Robe              ||    13
  Dodge: Dodged            ||    32

Table legend: (Time is in decaauts)
 A = Elapsed time spent in this place.
 B = Non-inter-level travel time spent in this place.
 C = Inter-level travel time spent in this place.
 D = Time resting spent in this place.
 E = Time spent auto-exploring this place.
 F = Levels seen in this place.
 G = Mean time per level.
                   A        B        C        D        E       F      G
               +--------+--------+--------+--------+--------+-----+--------+
         Total |    262 |    262 |      0 |    100 |     70 |   2 |  131.0 |
       Dungeon |    262 |    262 |      0 |    100 |     70 |   2 |  131.0 |
               +--------+--------+--------+--------+--------+-----+--------+

Top non-repeatable levels by time:
     D:1: 191 daAuts
     D:2: 70 daAuts
